 Dungeon Crawl Stone Soup version 0.28-a0-1510-gd0f6b136d3 (webtiles) character file.

Game seed: 17345052677416053061

119 croobank the Caller (level 5, -17/31 HPs)
             Began as an Octopode Summoner on Jan 16, 2022.
             Was an Initiate of Ashenzari.
             Killed by an exploding themself (42 damage)
             ... ignited by their inner flame
             ... on level 4 of the Dungeon.
             The game lasted 00:12:40 (3813 turns).

croobank the Caller (Octopode Summoner)             Turns: 3813, Time: 00:12:56

Health: -17/31     AC:  1    Str:  9    XL:     5   Next: 3%
Magic:  4/9        EV: 13    Int: 17    God:    Ashenzari [......]
Gold:   156        SH:  0    Dex: 13    Spells: 0/9 levels left

rFire   . . .      SeeInvis .   c - +0 dagger
rCold   . . .      Faith    .   (no shield)
rNeg    . . .      Spirit   .   (helmet restricted)
rPois   .          Reflect  .   (no amulet)
rElec   .          Harm     .   h - ring of wizardry
rCorr   .          Rampage  .   (no ring)
Will    .....                   (no ring)
Stlth   ++++......              (no ring)
HPRegen 0.10/turn               (no ring)
MPRegen 0.11/turn               (no ring)
                                (no ring)
                                (no ring)

@: no status effects
A: almost no armour, amphibious, 8 rings, camouflage 1, gelatinous body 1,
(nimble swimmer 1), tentacles
a: Renounce Religion


You were on level 4 of the Dungeon.
You worshipped Ashenzari.
Ashenzari was noncommittal.
You visited 2 branches of the dungeon, and saw 5 of its levels.

You collected 156 gold pieces.

Inventory:

Hand Weapons
 c - a +0 dagger (weapon)
 d - a +0 short sword
Missiles
 a - 68 stones
 j - 15 sling bullets
 l - 20 arrows
 o - 6 poisoned darts
Armour
 p - a +0 tower shield
Jewellery
 h - a ring of wizardry (left tentacle)
Scrolls
 b - 2 scrolls of identify {unknown}
 m - a scroll of fog {unknown}
 n - a scroll of summoning {unknown}
 q - a scroll of vulnerability {unknown}
Potions
 e - a potion of invisibility {unknown}
 f - 3 potions of brilliance {unknown}
 g - a potion of lignification {unknown}
 i - a potion of degeneration {unknown}
 k - 2 potions of curing {unknown}


   Skills:
 + Level 3.0 Dodging
 + Level 4.3 Stealth
 + Level 2.9 Spellcasting
 + Level 4.5 Summonings


You couldn't memorise any spells.
You knew the following spells:

 Your Spells              Type           Power      Damage    Failure   Level
a - Summon Small Mammal   Summ           72%        N/A       1%          1
b - Call Imp              Summ           18%        N/A       1%          2
c - Call Canine Familiar  Summ           18%        N/A       3%          3
d - Summon Guardian Gole  Hex/Summ       10%        N/A       9%          3

Your spell library contained the following spells:

 Spells                   Type           Power      Damage    Failure   Level
 Corpse Rot               Necr/Air       4%         N/A       11%         2
 Poisonous Vapours        Pois/Air       4%         N/A       11%         2
 Summon Lightning Spire   Summ/Air       10%        N/A       26%         4


Dungeon Overview and Level Annotations

Branches:
Dungeon (4/15)             Temple (1/1) D:4

Altars:
Ashenzari
Cheibriados
Dithmenos
Elyvilon
Gozag
Makhleb
Nemelex Xobeh
Okawaru
Qazlal
Sif Muna
Trog
Vehumet
Xom
Zin


Innate Abilities, Weirdness & Mutations

You cannot wear most types of armour.
You are amphibious.
You can wear up to eight rings at the same time.
Your skin changes colour to match your surroundings (Stealth+).
Your rubbery body absorbs attacks. (AC +1, EV +1)
((You are camouflaged when in or above water. (Stealth+)))
You have tentacles for arms and can constrict up to eight enemies at once.


Message History

Casting: Call Imp (safe; 1% risk of failure)
Confirm with . or Enter, or press ? or * to list all spells.
Casting: Summon Small Mammal (safe; 1% risk of failure)
Confirm with . or Enter, or press ? or * to list all spells.
The spell is quite dangerous to miscast (9% risk of failure)!
Continue anyway?
A guardian golem appears, shielding your allies.
An adder comes into view.
Your rat bites the ogre but does no damage.
Your crimson imp closely misses the ogre.
You hit the ogre but do no damage. The ogre misses you.
Your rat bites the ogre but does no damage.
Your crimson imp hits the ogre.
Your hound bites the ogre.
Your rat bites the ogre.
The ogre hits your guardian golem with a +0 giant spiked club!!
Your hound bites the ogre.
The adder bites your guardian golem but does no damage.
Your crimson imp blinks!
Your hound bites the ogre.
Your rat bites the ogre.
The adder bites your guardian golem but does no damage.
The ogre hits your guardian golem but does no damage.
Your hound bites the ogre.
The adder bites your guardian golem but does no damage.
Your rat closely misses the ogre.
Your hound bites the ogre.
The ogre hits your guardian golem with a +0 giant spiked club!!
The adder bites your guardian golem.
Your guardian golem overheats!
Your hound bites the ogre.
Your rat bites the ogre.
The adder bites your guardian golem.
Your guardian golem disappears in a puff of smoke!
Your guardian golem explodes!
The fiery explosion engulfs the adder!!
The adder dies!
The fiery explosion engulfs the ogre!!!
The ogre dies!
The fiery explosion engulfs your rat!!
Your rat dies!
Your rat's corpse disappears in a puff of smoke!
The fiery explosion engulfs you!!!
Ouch! That really hurt!
You die...

######.###.##...#
#...#...#...#...### ..
#.⌠...⌠.#.⌠.#.....## #..
#...#...#...#.)##..##
....#############........
<...#..#......#...###....
#........#..........####
#..§.#5#..........#
#.§§@.#..........#
##§h§.#..........#
#.#.............#
#.#.##..........#
#...)..........#####
#.......##.........#
#.......#########...
........# #### .........#
#


You could see a friendly hound (summoned, sheltered) and a friendly crimson imp
(summoned, sheltered).

Vanquished Creatures
  3 adders (D:2)
  An orc (D:2)
  3 ball pythons (D:2)
  2 bats (D:1)
  4 endoplasms
  A giant cockroach (D:1)
  9 goblins
  5 hobgoblins
  6 jackals
  4 kobolds
  2 quokkas (D:1)
  2 frilled lizards
  2 rats
44 creatures vanquished.

Vanquished Creatures (collateral kills)
  An orc wizard (D:4)
  A dart slug (D:1)
  2 orcs (D:4)
  A goblin (D:1)
  2 hobgoblins
  2 kobolds
  2 ball pythons (D:1)
11 creatures vanquished.

Vanquished Creatures (others)
  An ogre (D:4)
  An adder (D:4)
  7 fungi (D:4)
  9 plants (D:1)
  3 toadstools (D:4)
21 creatures vanquished.

Grand Total: 76 creatures vanquished

Notes
Turn   | Place    | Note
-------+----------+-------------------------------------------
     0 | D:1      | croobank the Octopode Summoner began the quest for the Orb.
     0 | D:1      | Reached XP level 1. HP: 11/11 MP: 3/3
   354 | D:1      | Found a faded altar of an unknown god.
   357 | D:1      | Reached XP level 2. HP: 17/17 MP: 5/5
   902 | D:1      | Reached XP level 3. HP: 12/21 MP: 3/6
  1264 | D:1      | Learned a level 2 spell: Call Imp
  1490 | D:1      | Learned a level 3 spell: Call Canine Familiar
  1785 | D:2      | Reached XP level 4. HP: 22/27 MP: 7/7
  2608 | D:3      | Found a shadowy altar of Dithmenos.
  3449 | D:4      | Found a staircase to the Ecumenical Temple.
  3458 | Temple   | Entered the Ecumenical Temple
  3588 | Temple   | Became a worshipper of Ashenzari the Shackled
  3640 | D:4      | Reached XP level 5. HP: 31/31 MP: 3/9
  3748 | D:4      | Learned a level 3 spell: Summon Guardian Golem
  3801 | D:4      | Noticed an ogre
  3813 | D:4      | Killed an ogre
  3813 | D:4      | Killed by an exploding themself... ignited by their inner
                  | flame

Illustrated notes

Levels and vault maps discovered:
D:1:      dpeg_arrival_water_temple_mockup, layout_basic,
          ebering_ecumenical_altar_mist, serial_forest,
          infiniplex_forest_clump_double, infiniplex_forest_straight_2,
          infiniplex_forest_clump_curved, infiniplex_forest_end_2,
          infiniplex_forest_corner_1, infiniplex_forest_clump_C,
          infiniplex_forest_clump_curved, infiniplex_forest_clump_long,
          minivault_23
D:2:      layout_loops_ring, minmay_misc_feat_rows
D:3:      layout_loops_ring, mainiacjoe_overflow_small_starburst
D:4:      kennysheep_goblin_castle, layout_rooms, nzn_wu_jian_contemplation,
          jmf_multi_god_temple2, minmay_temple_entry_nine_rooms,
          hangedman_decor_clover_reticule, minmay_gold_behind_fungi
Temple:   dshaligram_water_room_temple

Skill      XL: |  1  2  3  4 |
---------------+-------------+-----
Stealth        | 3 4 |  4.3
Dodging        | 3 |  3.0
Spellcasting   | |  2.9
Summonings     | |  4.5

Action                   |  1- 3 |  4- 6 || total
-------------------------+-------+-------++-------
Melee: Unarmed           |    12 |       ||    12
       Constrict         |    14 |    10 ||    24
       Dagger            |    54 |    55 ||   109
       Tentacles         |    13 |    13 ||    26
       Punch             |       |     3 ||     3
 Cast: Summon Small Mamm |    12 |     3 ||    15
       Call Imp          |       |     3 ||     3
       Call Canine Famil |       |     2 ||     2
       Summon Guardian G |       |     1 ||     1
 Stab: Sleeping          |     8 |     4 ||    12
Armor: Skin              |     6 |     3 ||     9
Dodge: Dodged            |    31 |    33 ||    64

Table legend: (Time is in decaauts)
 A = Elapsed time spent in this place.
 B = Non-inter-level travel time spent in this place.
 C = Inter-level travel time spent in this place.
 D = Time resting spent in this place.
 E = Time spent auto-exploring this place.
 F = Levels seen in this place.
 G = Mean time per level.
                   A        B        C        D        E       F      G
               +--------+--------+--------+--------+--------+-----+--------+
         Total |   3811 |   3729 |     82 |    558 |   2427 |   5 |  762.2 |
       Dungeon |   3674 |   3598 |     76 |    558 |   2380 |   4 |  918.5 |
        Temple |    136 |    130 |      6 |      0 |     47 |   1 |  136.0 |
               +--------+--------+--------+--------+--------+-----+--------+

Top non-repeatable levels by time:
     D:1: 1494 daAuts
     D:2: 1010 daAuts
     D:3: 934 daAuts
     D:4: 235 daAuts
  Temple: 136 daAuts
